 Dungeon Crawl Stone Soup version 0.24-a0-412-ge138f7edaf (webtiles) character file.

Game seed: 2632123773603491133

11043 Inarius the Arsonist (level 11, -2/64 HPs)
             Began as a Deep Elf Fire Elementalist on June 6, 2019.
             Was a Priest of Vehumet.
             Slain by an unseen horror (8 damage)
             ... on level 10 of the Dungeon.
             The game lasted 00:37:05 (12105 turns).

Inarius the Arsonist (Deep Elf Fire Elementalist)  Turns: 12105, Time: 00:37:06

Health: -2/64      AC:  7    Str:  5    XL:     11   Next: 44%
Magic:  4/27       EV: 12    Int: 30    God:    Vehumet [***...]
Gold:   154        SH:  5    Dex: 15    Spells: 13/30 levels left

rFire    + + +     SeeInvis .   L - +2 rapier (elec)
rCold    . . .     Gourm    .   C - +0 buckler
rNeg     . . .     Faith    .   I - +0 ring mail {rPois}
rPois    +         Spirit   .   (no helmet)
rElec    .         Reflect  .   D - +0 cloak
rCorr    .         Harm     .   q - +0 pair of gloves
MR       +++..                  (no boots)
Stlth    +.........             i - amulet of regeneration
HPRegen  0.60/turn              y - ring of protection from magic
MPRegen  0.20/turn              H - ring of Murruv {*Drain rF+++ MR+ Int+6}

@: about to teleport, studying Short Blades
A: no striking features
a: Renounce Religion


You were on level 10 of the Dungeon.
You worshipped Vehumet.
Vehumet was most pleased with you.
You were not hungry.

You visited 2 branches of the dungeon, and saw 11 of its levels.
You also visited: Ossuary and Bailey.

You collected 914 gold pieces.
You spent 760 gold pieces at shops.

Inventory:

Hand Weapons
 L - a +2 rapier of electrocution (weapon)
Armour
 a - a +0 robe
 q - a +0 pair of gloves (worn)
 r - a +0 shield
 C - a +0 buckler (worn)
 D - a +0 cloak (worn)
 I - a +0 ring mail of poison resistance (worn)
Jewellery
 d - a cursed +4 ring of evasion
 i - an amulet of regeneration (around neck)
 y - a ring of protection from magic (left hand)
 H - the ring of Murruv (right hand) {*Drain rF+++ MR+ Int+6}
   (You bought it in a shop on level 6 of the Dungeon)

   [ring of protection from magic]

   It affects your intelligence (+6).
   It renders you almost immune to fire.
   It affects your resistance to hostile enchantments.
   It causes draining when unequipped.
 K - a +3 ring of intelligence
Wands
 z - a wand of random effects (13)
 A - a wand of iceblast (18)
 B - a wand of enslavement (5)
Scrolls
 b - 3 scrolls of enchant weapon {unknown}
 g - 7 scrolls of remove curse
 h - 4 scrolls of fear
 j - 4 scrolls of teleportation
 k - 2 scrolls of amnesia {unknown}
 m - a scroll of immolation
 o - 2 scrolls of blinking
 s - 2 scrolls of fog {unknown}
 v - 2 scrolls of magic mapping
Potions
 e - 6 potions of curing
 f - 3 potions of might
 l - 4 potions of haste
 n - 3 potions of heal wounds
 p - 2 potions of degeneration {unknown}
 t - 3 potions of flight
 w - a potion of resistance
 x - 3 potions of lignification
 G - a potion of magic {unknown}
Books
 E - a manual of Short Blades
Comestibles
 c - 22 rations
 u - 10 chunks of flesh


   Skills:
 * Level 5.2 Fighting
 + Level 3.4 Short Blades
 * Level 1.7 Armour
 + Level 7.7 Dodging
 - Level 2.4 Stealth
 * Level 5.0 Shields
 + Level 10.0 Spellcasting
 + Level 6.9 Conjurations
 * Level 10.5 Fire Magic
 * Level 5.3 Evocations


You had 13 spell levels left.
You knew the following spells:

 Your Spells              Type           Power        Failure   Level  Hunger
a - Flame Tongue          Conj/Fire      #####        1%          1    None
b - Throw Flame           Conj/Fire      ######       1%          2    None
c - Conjure Flame         Conj/Fire      ######..     1%          3    None
d - Sticky Flame          Conj/Fire      ######..     1%          4    None
e - Fireball              Conj/Fire      ######....   3%          5    ###....
f - Throw Frost           Conj/Ice       #####.       1%          2    None

Your spell library contained the following spells:

 Spells                   Type           Power        Failure   Level  Hunger
 Force Lance              Conj/Tloc      #####...     11%         4    None
 Shock                    Conj/Air       ####         1%          1    None
 Inner Flame              Hex/Fire       #####...     1%          3    None
 Static Discharge         Conj/Air       #####...     3%          3    None
 Corona                   Hex            ###....      16%         1    None
 Slow                     Hex            ###.....     24%         2    None
 Swiftness                Chrm/Air       ###.....     24%         2    None
 Lightning Bolt           Conj/Air       #####.....   26%         5    ###....
 Airstrike                Air            ###.......   36%         4    None
 Portal Projectile        Hex/Tloc       ###...       43%         3    None
 Cause Fear               Hex            ###.......   83%         4    None
 Leda's Liquefaction      Hex/Erth       ###.......   83%         4    None


Dungeon Overview and Level Annotations

Branches:
Dungeon (10/15)            Temple (1/1) D:6
   Lair: D:8-11         Orc: D:9-12

Altars:
Ashenzari
Dithmenos
Fedhas
Gozag
Hepliaklqana
Kikubaaqudgha
Nemelex Xobeh
Okawaru
Qazlal
Ru
Sif Muna
Uskayaw
Vehumet
Wu Jian
Xom
Yredelemnul
Zin

Shops:
D:6 =   D:8 ?


Message History

* * * LOW HITPOINT WARNING * * *
As you read the scroll of teleportation, it crumbles to dust.
You feel strangely unstable. Something hits you.
* * * LOW HITPOINT WARNING * * *
Okay, then.
You feel better. Something hits you but does no damage. Something hits you.
* * * LOW HITPOINT WARNING * * *
You hit something but do no damage. Something hits you!
* * * LOW HITPOINT WARNING * * *
Something hits you.
* * * LOW HITPOINT WARNING * * *
Casting: Sticky Flame (safe; 1% risk of failure)
Confirm with . or Enter, or press ? or * to list all spells.
Aiming: Sticky Flame (safe; 1% risk of failure)
Press: ? - help, Shift-Dir - straight line The sticky flame hits something!
The unseen horror is covered in liquid flames!
An unseen horror comes into view.
The unseen horror burns!
The unseen horror hits you!
You die...

.#..#...#..##...#...##
.#.###.###.#...###...#
#...#...#..)..## ##..#
.#.###.###.#)..###...#
.#..#...#..##...#...##
.#.###.###.###.....##
.#......#..# ##...##
############ ###x#####
.# #.#.#@#.#.# .#
#.......## #..###†...#
## #.#)..## #†##..# #
#...#.#†## .# #....
##.. .# ##... ..##...#
.# #.#.# .#.#...#


You could see an unseen horror (burning).

Vanquished Creatures
  Erica (D:9)
  An unseen horror (D:10)
  Pikel (D:7)
  Grinder (D:5)
  Prince Ribbit (D:6)
  A hippogriff (D:10)
  6 orc warriors
  A spriggan (D:7)
  11 yaks
  A vampire (D:10)
  A shadow (D:9)
  Grum (D:10)
  A hungry ghost (D:10)
  2 black bears (D:8)
  An ice beast (D:7)
  5 sky beasts
  An eye of draining (D:10)
  2 ogres
  6 phantoms
  2 wolves (D:10)
  6 centaurs
  2 crocodiles (D:10)
  5 bullfrogs
  2 elf zombies (Ossuary)
  A gnoll sergeant (D:9)
  2 scorpions
  A water moccasin skeleton (D:6)
  2 howler monkeys
  12 wights
  2 centaur zombies (Ossuary)
  2 crimson imps
  A bullfrog skeleton (D:6)
  9 hounds
  2 jellies
  4 orc priests
  Crazy Yiuf (D:6)
  3 centaur skeletons
  4 iguanas
  Terence (D:1)
  7 worker ants
  7 orc wizards
  A killer bee zombie (D:8)
  2 hound zombies
  A hound skeleton (D:8)
  2 mummies (Ossuary)
  10 gnolls
  16 adders
  2 shadow imps
  An ooze (D:4)
  2 adder skeletons
  2 adder zombies (Ossuary)
  A worm (D:4)
  2 dart slugs
  6 leopard geckos
  33 orcs
  8 bats
  8 giant cockroaches
  10 goblins
  2 hobgoblins
  11 jackals
  2 quokkas
  4 ball pythons
  2 frilled lizards
  3 goblin zombies (Ossuary)
  9 hobgoblin zombies (Ossuary)
  A jackal zombie (Ossuary)
  10 kobolds
  10 kobold zombies (Ossuary)
  A leopard gecko skeleton (D:8)
  A leopard gecko zombie (D:5)
  7 orc zombies (Ossuary)
  3 quokka zombies (D:5)
  3 rats
  A rat zombie (Ossuary)
300 creatures vanquished.

Vanquished Creatures (collateral kills)
  4 orc warriors (Bailey)
  3 orcs (Bailey)
7 creatures vanquished.

Vanquished Creatures (others)
  An orc knight (Bailey)
1 creature vanquished.

Grand Total: 308 creatures vanquished

Notes
Turn   | Place    | Note
-------+----------+-------------------------------------------
     0 | D:1      | Inarius the Deep Elf Fire Elementalist began the quest for
                  | the Orb.
     0 | D:1      | Reached XP level 1. HP: 10/10 MP: 6/6
   267 | D:1      | Reached XP level 2. HP: 16/16 MP: 6/8
   276 | D:1      | Learned a level 2 spell: Throw Flame
   924 | D:2      | Noticed Terence
  1281 | D:2      | Reached XP level 3. HP: 19/20 MP: 4/9
  1328 | D:2      | Learned a level 3 spell: Conjure Flame
  1737 | D:2      | Found a faded altar of an unknown god.
  1782 | D:2      | Found a shadowy altar of Dithmenos.
  2173 | D:3      | Reached XP level 4. HP: 20/24 MP: 1/11
  2382 | D:3      | Learned a level 4 spell: Sticky Flame
  2510 | D:3      | Found an iron altar of Okawaru.
  2517 | D:3      | Noticed a bullfrog
  2550 | D:3      | Killed a bullfrog
  2550 | D:3      | Reached skill level 1 in Fighting
  2550 | D:3      | Reached XP level 5. HP: 29/29 MP: 2/13
  3036 | D:1      | Killed Terence
  3036 | D:1      | Reached skill level 5 in Fire Magic
  3280 | D:4      | Reached skill level 1 in Shields
  3280 | D:4      | Reached XP level 6. HP: 34/34 MP: 5/14
  3462 | D:4      | Reached skill level 5 in Spellcasting
  3724 | D:4      | Reached XP level 7. HP: 39/40 MP: 12/16
  4358 | D:4      | Learned a level 5 spell: Fireball
  5001 | D:5      | Entered Level 5 of the Dungeon
  5033 | D:5      | Noticed Grinder
  5167 | D:5      | Found a sand-covered staircase.
  5195 | Ossuary  | Entered an ossuary
  5469 | Ossuary  | Reached XP level 8. HP: 45/45 MP: 9/18
  5811 | D:5      | Found an ancient bone altar of Kikubaaqudgha.
  5963 | D:5      | Killed Grinder
  5963 | D:5      | Reached skill level 1 in Short Blades
  5963 | D:5      | Reached skill level 5 in Dodging
  6446 | D:5      | Reached skill level 1 in Evocations
  6972 | D:6      | Reached XP level 9. HP: 51/51 MP: 2/21
  7398 | D:6      | Found Galualoq's Jewellery Shoppe.
  7416 | D:6      | Found a sacrificial altar of Ru.
  7483 | D:6      | Found a staircase to the Ecumenical Temple.
  7497 | Temple   | Entered the Ecumenical Temple
  7540 | Temple   | Became a worshipper of Vehumet
  7727 | D:6      | Noticed Prince Ribbit
  7738 | D:6      | Killed Prince Ribbit
  7738 | D:6      | Reached skill level 5 in Conjurations
  8069 | D:6      | Found a runed translucent door.
  8070 | D:6      | Noticed Crazy Yiuf
  8119 | D:6      | Killed Crazy Yiuf
  8170 | D:7      | Found a flagged portal.
  8302 | Bailey   | Entered a bailey
  8302 | Bailey   | Noticed an orc knight
  8408 | Bailey   | Reached XP level 10. HP: 42/56 MP: 3/24
  8634 | Bailey   | Reached * piety under Vehumet
  8634 | Bailey   | Offered knowledge of Shock by Vehumet.
  8882 | D:7      | Noticed Pikel
  8899 | D:7      | Killed Pikel
  9404 | D:8      | Found a sparkling altar of Nemelex Xobeh.
  9568 | D:8      | Found Mutaa's Magic Scroll Shop.
  9571 | D:8      | Bought a scroll of identify for 20 gold pieces
  9880 | D:8      | Offered knowledge of Throw Frost by Vehumet.
  9887 | D:8      | Learned a level 2 spell: Throw Frost
 10077 | D:6      | Bought the ring of Murruv {*Drain rF+++ MR+ Int+6} for 740
                  | gold pieces
 10238 | D:9      | Reached ** piety under Vehumet
 10761 | D:9      | Noticed Erica
 10777 | D:9      | Killed Erica
 10777 | D:9      | Offered knowledge of Searing Ray by Vehumet.
 10777 | D:9      | Reached skill level 10 in Fire Magic
 10790 | D:9      | Reached XP level 11. HP: 62/62 MP: 14/26
 10916 | D:9      | Found a hazy altar of Hepliaklqana.
 10918 | D:9      | Found a blossoming altar of Fedhas.
 11081 | D:10     | Entered Level 10 of the Dungeon
 11155 | D:10     | Reached skill level 5 in Evocations
 11367 | D:10     | Reached *** piety under Vehumet
 11417 | D:10     | Reached skill level 1 in Armour
 11607 | D:10     | Reached skill level 5 in Fighting
 11771 | D:10     | Noticed an unseen horror
 11774 | D:10     | Killed an unseen horror
 11774 | D:10     | Reached skill level 10 in Spellcasting
 11970 | D:10     | Offered knowledge of Force Lance by Vehumet.
 12046 | D:10     | Noticed Grum
 12060 | D:10     | Killed Grum
 12060 | D:10     | Reached skill level 5 in Shields
 12105 | D:10     | Noticed an unseen horror
 12105 | D:10     | Slain by an unseen horror

Levels and vault maps discovered:
D:1:      lightli_arrival_windingriver, layout_basic,
          chequers_serial_rivers_room_a
D:2:      layout_loops_cross, lemuel_crystal_altar,
          chequers_ecumenical_altar_twisty, grunt_decor_one_mirror, uniq_terence
D:3:      layout_loops_cross, okawaru_metal_pillars_1_2, serial_park_tiny_2
D:4:      layout_basic, first_ration
D:5:      layout_loops_corners, basic_altar, enter_ossuary_4, minmay_liquid_box,
          kennysheep_another_room, kennysheep_dice, uniq_grinder
D:6:      layout_rooms, nicolae_overflow_crystal_walls,
          minmay_temple_entry_trees, serial_shops, shop, uniq_prince_ribbit1,
          uniq_crazy_yiuf_cottage
D:7:      layout_rooms, enter_bailey_6, the_bakery, uniq_pikel
D:8:      layout_loops_ring, nemelex_xobeh_ov_fountains_minmay, serial_shops,
          kennysheep_mini_moat
D:9:      layout_rooms, chequers_temple_overflow_statue_of_worship, uniq_erica
D:10:     minmay_the_grid_3x3 [minmay_the_grid_zigzags, minmay_the_grid_tree,
          minmay_the_grid_small_cups, minmay_the_grid_tiny_cups,
          minmay_the_grid_box_x, minmay_the_grid_outer_diamond,
          minmay_the_grid_slots, minmay_the_grid_square_x,
          minmay_the_grid_prize_inner_circle], layout_basic, david_lair_generic,
          uniq_grum
Temple:   nicolae_temple_elliptical

Skill      XL: |  1  2  3  4  5  6  7  8  9 10 11 |
---------------+----------------------------------+-----
Fire Magic     | 4 5 6 7 9 10 | 10.5
Dodging        | 3 4 5 6 7 |  7.7
Fighting       | 1 2 3 4 5 |  5.2
Spellcasting   | 4 5 6 8 9 10 | 10.0
Conjurations   | 2 3 4 5 6 |  6.9
Shields        | 1 2 3 4 5 |  5.0
Short Blades   | 1 2 3 |  3.4
Evocations     | 1 3 4 5 |  5.3
Armour         | 1 |  1.7
Stealth        | |  2.4

Action                   |  1- 3 |  4- 6 |  7- 9 | 10-12 || total
-------------------------+-------+-------+-------+-------++-------
Melee: Unarmed           |     1 |       |       |       ||     1
       Whip              |    16 |    14 |       |       ||    30
       Flail             |       |    21 |    23 |     9 ||    53
       Short sword       |       |       |   102 |    80 ||   182
       Rapier            |       |       |       |    64 ||    64
 Cast: Flame Tongue      |    66 |    63 |   204 |    68 ||   401
       Throw Flame       |     2 |     9 |    50 |    87 ||   148
       Conjure Flame     |       |     2 |    14 |     9 ||    25
       Sticky Flame      |       |       |    14 |    45 ||    59
       Fireball          |       |       |     5 |    13 ||    18
Evoke: Wand              |       |       |    21 |    24 ||    45
  Use: Scroll            |       |     6 |    10 |     5 ||    21
       Potion            |       |     2 |       |     2 ||     4
 Stab: Sleeping          |       |       |     5 |     5 ||    10
       Confused          |       |       |       |     1 ||     1
  Eat: Chunk             |     4 |     4 |    18 |    13 ||    39
       Ration            |       |       |       |     1 ||     1
Armor: Robe              |    24 |    11 |    28 |    16 ||    79
       Ring mail         |       |       |       |    32 ||    32
Dodge: Dodged            |    51 |    41 |   135 |   132 ||   359
Block: Buckler           |       |       |       |    27 ||    27

Table legend:
 A = Non-vault XP
 B = Vault XP
 C = Vault XP percentage of total XP
 D = Non-vault monster count
 E = Vault monster count
 F = Vault count percentage of total count
                 A         B        C        D         E       F
            +---------+---------+-------+---------+---------+-------
      Total |    8303 |    7474 |  47.4 |     212 |      96 |  31.2
            +---------+---------+-------+---------+---------+-------
        D:1 |      22 |      36 |  62.1 |      12 |       1 |   7.7
        D:2 |      42 |       0 |   0.0 |      23 |       0 |   0.0
        D:3 |     210 |       0 |   0.0 |      18 |       0 |   0.0
        D:4 |     931 |       0 |   0.0 |      28 |       0 |   0.0
        D:5 |     778 |     302 |  28.0 |      26 |       5 |  16.1
        D:6 |    1222 |     317 |  20.6 |      27 |       2 |   6.9
        D:7 |     712 |     866 |  54.9 |      12 |       2 |  14.3
        D:8 |     977 |       0 |   0.0 |      26 |       0 |   0.0
        D:9 |    1935 |     950 |  32.9 |      31 |       1 |   3.1
       D:10 |    1474 |    3097 |  67.8 |       9 |      30 |  76.9
    Ossuary |       0 |     357 | 100.0 |       0 |      39 | 100.0
     Bailey |       0 |    1549 | 100.0 |       0 |      16 | 100.0
            +---------+---------+-------+---------+---------+-------
